[Event "*** SCC Grand Prix: Titled Tuesday Blitz"]
[Site "Chess.com"]
[Date "2020.06.09"]
[Round "2"]
[White "BaMBoMaTTo"]
[Black "Hrant_ChessMood"]
[Result "0-1"]
[WhiteElo "2630"]
[BlackElo "3077"]
[TimeControl "180+1"]
[EndTime "9:18:39 PDT"]
[Termination "Hrant_ChessMood won on time"]

1. e4 c6 2. d4 d5 3. e5 Bf5 4.
Nf3 e6 5. Be2 Ne7 6. O-O Ng6 7.
c3 Be7 8. Ne1 c5 9. Be3 Nc6 10.
Nd2 cxd4 11. cxd4 h5 12. Bxh5 Qb6 13. Nb3 a5 14. Bxg6 Bxg6 15. Nd3 a4 16. Nbc5 Qb5 17. Nf4 Bf5 18. g4 Bh7 19. Rc1 Qxb2 20. Nxa4 Qxa2 21. Nc5 Qb2 22. Nh5 O-O 23. Nd7 Rfd8 24. Ndf6+ gxf6 25. exf6 Bf8 26. Qf3 Qb3 27. Qf4 Qd3 28. Ng3 Bd6 29. Qh6 Qg6 30. Qh4 Ra3 31. Nh5 e5 32. dxe5 Nxe5 33.
Kh1 Qe4+ 34. f3 Qxe3 0-1

[Event "*** SCC Grand Prix: Titled Tuesday Blitz"]
[Site "Chess.com"]
[Date "2020.06.09"]
[Round "2"]
[White "obliviate12"]
[Black "TST2014"]
[Result "1-0"]
[WhiteElo "2807"]
[BlackElo "2552"]
[TimeControl "180+1"]
[EndTime "9:18:39 PDT"]
[Termination "obliviate12 won by resignation"]

1. e4 c5 2. Nf3 Nc6 3. d4 cxd4 4. Nxd4 Nf6 5. Nc3 d6 6. Be2 e5 7. Nb3 Be7 8. O-O O-O 9. Be3 a5 10. a4 Nb4 11. Re1 Be6 12. Bf3 d5 13. exd5 Nfxd5 14. Nxd5 Nxd5 15. Bc5 Bxc5 16. Nxc5 Nb4 17. c3 Nc6 18. Qxd8 Nxd8 19. Rxe5 Ra7 20. Rd1 b6 21. Nxe6 Nxe6 22. Rd6 Nc5 23. Bd1 Rd7 24. Rxd7 Nxd7 25. Rd5 Nc5 26. f3 g6 27. b4 axb4 28. cxb4 Na6 29. b5 Nb4 30. Rd6 Rb8 31. Bb3 Kf8 32.
Rd4 Na6 33. bxa6 Ra8 34. Bc4 Ke7 35. Bb5 f5 36. Rd7+ Ke6 37. a7 h5 38. f4 h4 39. Kf2 g5 40. fxg5 Rg8 41. Bc4+ Kxd7 42. Bxg8 b5 43. axb5 h3 44. gxh3 Kd6 45. a8=Q Kc5 46.
Qc6+ Kb4 47. b6 Ka5 48. b7 f4 49. b8=Q 1-0

[Event "*** SCC Grand Prix: Titled Tuesday Blitz"]
[Site "Chess.com"]
[Date "2020.06.09"]
[Round "2"]
[White "pheonixking2000"]
[Black "chessplayer9919"]
[Result "1/2-1/2"]
[WhiteElo "2757"]
[BlackElo "2524"]
[TimeControl "180+1"]
[EndTime "9:18:39 PDT"]
[Termination "Game drawn by repetition"]

1. d4 Nf6 2. Nf3 e6 3. Bf4 c5 4. e3 Nc6 5. c3 d5 6. Nbd2 Bd6 7.
Bg3 O-O 8. Bb5 Qe7 9. Bxc6 bxc6 10. Qa4 cxd4 11. cxd4 Bxg3 12. hxg3 Qb7 13. Qc2 Qb5 14.
a4 Qa5 15. Ne5 Bb7 16. f3 Rac8 17. g4 c5 18. Qc3 Qxc3 19. bxc3 cxd4 20. cxd4 h6 21. Kf2 Rc2 22. Rhd1 Rfc8 23. Ra3 Ba6 24. Ke1 Rb2 25. Nd3 Bxd3 26. Rxd3 Rcc2 27. g3 Ne8 28. e4 Nd6 29. exd5 exd5 30. Re3 Rxd2 31. Rxd2 Rxd2 32. Kxd2 Nc4+ 33. Ke2 Nxe3 34. Kxe3 g5 35.
a5 Kf8 36. Kd3 Ke7 37. Kc3 Kd6 38. a6 Kc6 39. Kb4 Kb6 40. f4 f6 41. f5 Kc6 42.
Ka5 Kc7 43. Ka4 Kc6 44. Ka5 Kd7 45. Kb5 Kd6 46. Kb4 Kc6 47. Ka4 Kb6 48. Kb4 Kc6 1/2-1/2

[Event "*** SCC Grand Prix: Titled Tuesday Blitz"]
[Site "Chess.com"]
[Date "2020.06.09"]
[Round "2"]
[White "LittlePeasant"]
[Black "Skatchkov_V"]
[Result "1-0"]
[WhiteElo "2809"]
[BlackElo "2556"]
[TimeControl "180+1"]
[EndTime "9:18:40 PDT"]
[Termination "LittlePeasant won by resignation"]

1. d4 Nf6 2. c4 e6 3. Nf3 b6 4. Bf4 Bb7 5. e3 Be7 6. Bd3 O-O 7. Nc3 d5 8. cxd5 Nxd5 9. Nxd5 Qxd5 10. Bxc7 Bb4+ 11.
Ke2 Nd7 12. a3 Be7 13. Rc1 Rac8 14. Qa4 a6 15. e4 b5 16. exd5 bxa4 17. d6 Bf6 18.
Rc4 e5 19. dxe5 Nxe5 20. Nxe5 Bxe5 21. Rhc1 Bxg2 22. d7 Rxc7 23. Rxc7 Bxc7 24. Rxc7 Bh3 25. Bxa6 g6 26. Bb5 Kg7 27. Bxa4 Kf6 28. Bb5 Ke7 29. a4 Rb8 30. b4 Kd8 31. Ra7 Be6 32. Kd3 h5 33.
Kc3 Ke7 34. Bc6 Kd6 35. b5 Rd8 36. a5 Bxd7 37. Rxd7+ Rxd7 38. Bxd7 Kxd7 39. Kd4 Kc8 40. Ke5 Kb7 41. Kf6 1-0

[Event "*** SCC Grand Prix: Titled Tuesday Blitz"]
[Site "Chess.com"]
[Date "2020.06.09"]
[Round "2"]
[White "XDPS"]
[Black "chessmaugli"]
[Result "1-0"]
[WhiteElo "2692"]
[BlackElo "2381"]
[TimeControl "180+1"]
[EndTime "9:18:40 PDT"]
[Termination "XDPS won on time"]

1. d4 Nf6 2. Bf4 d5 3. e3 e6 4. Nf3 Bd6 5. Bg3 c5 6. c3 Qc7 7. Nbd2 Nbd7 8. Rc1 e5 9. dxe5 Nxe5 10. Nxe5 Bxe5 11.
Bb5+ Bd7 12. Bd3 O-O 13. Nf3 Bxg3 14. hxg3 h6 15. O-O Bg4 16. Qa4 a6 17. Qf4 Qxf4 18.
gxf4 Bxf3 19. gxf3 Rad8 20. Kg2 Rd6 21. Rh1 Rfd8 22.
f5 Kf8 23. Rh4 Ke7 24. Rg1 Nd7 25. f4 Nf6 26. Kf3 Rg8 27. Rh3 b5 28. a3 Kf8 29.
Rhg3 Rd8 30. Ra1 Ke7 31. Rag1 Kf8 32. R3g2 Re8 33. Bc2 Ne4 34. Ke2 Rd8 35. f3 Nd6 36. Ra1 Nc4 37. b3 Nd6 38. e4 d4 39. cxd4 cxd4 40. e5 Nb7 41. b4 Ke7 42. Be4 Rd7 43. Kd3 Rc8 44. Rxg7 Rc3+ 45. Kd2 a5 46. f6+ Ke6 47. Rg8 Rd8 48. Rag1 axb4 49. Bxb7 1-0

[Event "*** SCC Grand Prix: Titled Tuesday Blitz"]
[Site "Chess.com"]
[Date "2020.06.09"]
[Round "2"]
[White "SergioGarciaFuentes"]
[Black "Koalaskakistis"]
[Result "1/2-1/2"]
[WhiteElo "2236"]
[BlackElo "2441"]
[TimeControl "180+1"]
[EndTime "9:18:40 PDT"]
[Termination "Game drawn by repetition"]

1. d4 f5 2. Nf3 Nf6 3. g3 e6 4. Bg2 Be7 5. O-O O-O 6. b3 d6 7. Bb2 Ne4 8. Nbd2 Bf6 9. c4 a5 10. Qc2 Nxd2 11. Nxd2 Nc6 12. d5 Nb4 13. Qc1 e5 14. a3 Na6 15. b4 Bd7 16. Bc3 e4 17.
e3 Qe7 18. Nb3 a4 19. Nd4 b6 20. Qb2 Rab8 21. Rfd1 g6 22. Rac1 Qg7 23. Bf1 g5 24. Qc2 Rbe8 25. c5 bxc5 26. Ne6 Bxe6 27. Bxf6 Qxf6 28.
dxe6 Nb8 29. bxc5 Kg7 30. cxd6 cxd6 31. Rxd6 Rxe6 32. Rxe6 Qxe6 33. Qxa4 f4 34. Qd4+ Kh6 35. Rb1 Nd7 36. Bc4 Qe7 37. Rb7 Rd8 38. Bb5 Qxa3 39.
Rxd7 Qc1+ 40. Bf1 Rxd7 41. Qxd7 fxe3 42. Qd6+ Kh5 43. fxe3 Qxe3+ 44. Kg2 Qf3+ 45. Kg1 Qe3+ 46. Kg2 Qf3+ 47. Kg1 Qe3+ 1/2-1/2

[Event "*** SCC Grand Prix: Titled Tuesday Blitz"]
[Site "Chess.com"]
[Date "2020.06.09"]
[Round "2"]
[White "Nbk90"]
[Black "Harsha_Bharathakoti"]
[Result "1-0"]
[WhiteElo "2549"]
[BlackElo "2769"]
[TimeControl "180+1"]
[EndTime "9:18:42 PDT"]
[Termination "Nbk90 won on time"]

1. e4 c5 2. Nf3 d6 3. d4 cxd4 4. Nxd4 Nf6 5. Nc3 a6 6. Rg1 e5 7.
Nb3 Be6 8. Be3 Nc6 9. Be2 d5 10. exd5 Nxd5 11. Nxd5 Bxd5 12. Qd2 Be6 13. O-O-O Qxd2+ 14. Rxd2 Bb4 15. c3 Be7 16. Nc5 Bxc5 17. Bxc5 f6 18.
b3 Kf7 19. Rgd1 Rhd8 20. Rxd8 Rxd8 21. Rxd8 Nxd8 22. c4 f5 23. Kd2 Bd7 24. g3 Ne6 25. Bb6 g5 26. Kc3 Kf6 27. b4 e4 28. b5 axb5 29. cxb5 f4 30. a4 Ke5 31. a5 e3 32.
fxe3 fxg3 33. hxg3 Kd6 34. a6 bxa6 35. bxa6 Bc6 36. a7 Nc5 37. Kd4 Nd7 38. Bd8 g4 39. Bxg4 1-0

[Event "*** SCC Grand Prix: Titled Tuesday Blitz"]
[Site "Chess.com"]
[Date "2020.06.09"]
[Round "2"]
[White "Harry_Rakkel"]
[Black "platy3"]
[Result "1-0"]
[WhiteElo "2520"]
[BlackElo "2733"]
[TimeControl "180+1"]
[EndTime "9:18:42 PDT"]
[Termination "Harry_Rakkel won by checkmate"]

1. d4 Nf6 2. Nf3 e6 3. Bg5 b6 4.
e3 h6 5. Bxf6 Qxf6 6. Be2 Bb7 7.
O-O g5 8. a4 a6 9. a5 b5 10.
Nbd2 g4 11. Ne1 h5 12. c3 Qg5 13. Nc2 f5 14. f4 gxf3 15. Bxf3 d5 16. c4 c6 17.
cxd5 cxd5 18. Rc1 Bd6 19. Rf2 Nd7 20. Nf1 Nf6 21. Qd2 Rc8 22. Ne1 Ke7 23. Rxc8 Rxc8 24. Nd3 h4 25. b4 Rg8 26. Qc1 Rc8 27. Rc2 Rc4 28. Nc5 Bc8 29. Rxc4 dxc4 30. Qe1 Nd7 31. e4 Nxc5 32. bxc5 Bf4 33. d5 fxe4 34. Qxe4 Qe5 35. Qh7+ Kf6 36. Qh8+ Kf7 37. Qxc8 Qd4+ 38. Kh1 Qf2 39. Qxe6+ Kg7 40. Qe7+ Kh8 41. Qf8+ Kh7 42.
Be4# 1-0

[Event "*** SCC Grand Prix: Titled Tuesday Blitz"]
[Site "Chess.com"]
[Date "2020.06.09"]
[Round "2"]
[White "AcsinteMatei"]
[Black "Bathory44"]
[Result "0-1"]
[WhiteElo "2321"]
[BlackElo "2583"]
[TimeControl "180+1"]
[EndTime "9:18:42 PDT"]
[Termination "Bathory44 won by resignation"]

1. d4 Nf6 2. Bf4 g6 3. Nc3 d6 4. e4 c6 5. Qd2 b5 6. f3 Qa5 7.
e5 Nh5 8. Bg5 h6 9. Be3 Nd7 10.
e6 fxe6 11. Bd3 Kf7 12. Nh3 b4 13. Ne2 Ba6 14. g4 Bxd3 15. Qxd3 Nhf6 16. Nef4 Rg8 17. Rg1 g5 18. Ne2 Nb6 19. f4 Qb5 20. Qxb5 cxb5 21. fxg5 Nfd5 22. Bd2 Nc4 23. gxh6 Nxd2 24. Kxd2 Bxh6+ 25. g5 Bg7 26. Raf1+ Ke8 27. Nhf4 Nb6 28. Nxe6 Kd7 29.
Nxg7 Rxg7 30. h4 Rh8 31. Rh1 Nc4+ 32. Kd1 Ne3+ 33. Ke1 Nxf1 34. Kxf1 Rxg5 35. Kf2 Rf5+ 36. Ke3 Rfh5 37. Rg1 Rxh4 38. Rg5 Rh3+ 39. Ke4 a6 40. d5 R8h4+ 41. Nf4 Rh2 42. Rg7 Rxc2 43. Kd3 Rxf4 44. Kxc2 Rf5 45. Rg4 Rxd5 46. Rxb4 e5 47.
Rh4 Rd4 48. a3 Rxh4 0-1

[Event "*** SCC Grand Prix: Titled Tuesday Blitz"]
[Site "Chess.com"]
[Date "2020.06.09"]
[Round "2"]
[White "RobertoJBM"]
[Black "TERMINATOR_PC"]
[Result "1-0"]
[WhiteElo "2728"]
[BlackElo "2478"]
[TimeControl "180+1"]
[EndTime "9:18:43 PDT"]
[Termination "RobertoJBM won on time"]

1. d4 Nf6 2. c4 g6 3. Nc3 Bg7 4. e4 d6 5. f3 O-O 6. Be3 a6 7. Qd2 c6 8. Nge2 b5 9. b3 Nbd7 10. Rc1 e5 11. d5 bxc4 12. bxc4 c5 13. Rb1 Ne8 14. Nc1 f5 15. Bd3 Ndf6 16. O-O f4 17. Bf2 g5 18. Na4 g4 19. Nb6 g3 20. hxg3 fxg3 21. Bxg3 Nh5 22. Bh2 Ra7 23. Ne2 Bf6 24. Nxc8 Qxc8 25. g4 Rg7 26. Qh6 Nf4 27. Nxf4 exf4 28.
Bxf4 Bd4+ 29. Kh1 Rf6 30. Qh2 Rgf7 31. Bg3 Rxf3 32. Rxf3 Rxf3 33. Be2 Re3 34. Rf1 Rxe4 35. Bd3 Qxg4 36. Bxe4 Qxe4+ 37. Qg2 Qxg2+ 38. Kxg2 Kg7 39. Bh4 Nf6 40. Bxf6+ Bxf6 41. Kf3 a5 42. a4 Kg6 43. Rb1 h5 44. Rb6 Be5 45. Ra6 Kf5 46. Rxa5 h4 47. Ra7 h3 48. Rh7 h2 49. a5 Kg6 50. Rh3 1-0

[Event "*** SCC Grand Prix: Titled Tuesday Blitz"]
[Site "Chess.com"]
[Date "2020.06.09"]
[Round "2"]
[White "MomchilPetkov"]
[Black "Sanan_Sjugirov"]
[Result "0-1"]
[WhiteElo "2535"]
[BlackElo "2787"]
[TimeControl "180+1"]
[EndTime "9:18:44 PDT"]
[Termination "Sanan_Sjugirov won by checkmate"]

1. d4 Nf6 2. c4 g6 3. Nc3 Bg7 4.
e4 d6 5. h3 O-O 6. Be3 Na6 7.
g4 c5 8. d5 e6 9. Qd2 exd5 10.
cxd5 Nc7 11. f3 Rb8 12. a4 a6 13. a5 b5 14. axb6 Nb5 15. Na4 Nd7 16. h4 Nxb6 17.
Bxb5 Nxa4 18. Bxa4 Rxb2 19. Qd1 a5 20. Ne2 Ba6 21.
Rh2 Qf6 22. Rb1 Rxb1 23. Qxb1 Qxf3 24. Qc1 Be5 25. Rf2 Qxe4 26. Bc2 Qxg4 27. h5 Re8 28. hxg6 hxg6 29. Qd2 a4 30. Bb1 a3 31. Kd1 Bc4 32. Qc2 Rb8 33. Ba2 Bxa2 34. Qxa2 Qa4+ 35. Ke1 Rb2 36. Qa1 Rxe2+ 37. Kxe2 Bxa1 38. Kf3 Qc4 39. Bf4 Bd4 40. Re2 Qxe2+ 41. Kxe2 a2 42. Kd3 a1=Q 43.
Bxd6 Qc3+ 44. Ke4 Qe3# 0-1

[Event "*** SCC Grand Prix: Titled Tuesday Blitz"]
[Site "Chess.com"]
[Date "2020.06.09"]
[Round "2"]
[White "Aradej"]
[Black "Evgeny81"]
[Result "0-1"]
[WhiteElo "2505"]
[BlackElo "2752"]
[TimeControl "180+1"]
[EndTime "9:18:45 PDT"]
[Termination "Evgeny81 won by resignation"]

1. d4 Nf6 2. Nf3 e6 3. e3 c5 4. Bd3 d5 5. O-O Nc6 6. b3 cxd4 7. exd4 g6 8. Re1 Bg7 9. c3 O-O 10. Nbd2 b6 11. Nf1 Bb7 12. Ng3 Ne7 13. Bf4 Rc8 14.
Qd2 Re8 15. Rac1 Nf5 16. Ne5 Nxg3 17. hxg3 Ne4 18. Bxe4 dxe4 19. Bh6 Bh8 20. Qe3 Qc7 21.
Bf4 Qe7 22. Ng4 h5 23. Ne5 Kh7 24. g4 f6 25. Nc4 hxg4 26. Nd6 Rcd8 27. Nxe8 Rxe8 28. Qg3 g5 29. Bd6 Qd7 30. c4 f5 31.
Be5 Kg6 32. Rcd1 Qh7 33. Kf1 Qh5 34. Ke2 f4 35. Qc3 g3+ 36. Kd2 Bxe5 37. Rh1 Qg4 38.
dxe5 gxf2 39. Kc1 e3 40. Qd3+ Qf5 41. Qd7 Qf7 42. Rh6+ Kxh6 43. Qxf7 Bxg2 44. Qxe8 e2 45. Qxe6+ Kh5 46. Qf7+ Kg4 47. Qd7+ Kg3 48. Qd3+ Bf3 49. e6 exd1=Q+ 50. Qxd1 Bxd1 51. e7 Bh5 0-1

[Event "*** SCC Grand Prix: Titled Tuesday Blitz"]
[Site "Chess.com"]
[Date "2020.06.09"]
[Round "2"]
[White "ketster"]
[Black "Twitch_ElhamBlitz05"]
[Result "0-1"]
[WhiteElo "2448"]
[BlackElo "2747"]
[TimeControl "180+1"]
[EndTime "9:18:45 PDT"]
[Termination "Twitch_ElhamBlitz05 won on time"]

1. d4 Nf6 2. c4 e6 3. g3 d5 4.
Nf3 dxc4 5. Bg2 c5 6. O-O Nc6 7. dxc5 Qxd1 8. Rxd1 Bxc5 9. Nbd2 c3 10. bxc3 O-O 11. Nb3 Be7 12. c4 Bd7 13. Rb1 Rac8 14. Bb2 Rfd8 15. c5 Nd5 16. e4 Ndb4 17. a3 Na6 18. Rdc1 f6 19. Bf1 Be8 20. Bxa6 bxa6 21. Nbd4 Nxd4 22. Nxd4 Bf7 23. c6 Bd6 24. a4 Be5 25. Nf3 Bc7 26. Rd1 e5 27. Nh4 g6 28.
f4 Ba2 29. Ra1 Bb3 30. Rxd8+ Rxd8 31. fxe5 Rd2 32. Bc3 Rc2 33. Bd4 fxe5 34. Be3 Rxc6 35. Bxa7 Rc4 36. Re1 Bxa4 37. Nf3 Bc6 38. Ng5 h6 39. Ne6 Bd6 40. Rd1 Be7 41. Bb8 Rxe4 42. Nd8 Bb5 43. Nb7 Rd4 44. Re1 e4 45. Bf4 Rd7 46.
Rxe4 Rxb7 47. Bxh6 Bc5+ 48. Kg2 Bc6 49. Kf3 Rb3+ 50. Kf4 Bd6+ 0-1

[Event "*** SCC Grand Prix: Titled Tuesday Blitz"]
[Site "Chess.com"]
[Date "2020.06.09"]
[Round "2"]
[White "Rinas_Oleg"]
[Black "louis198"]
[Result "0-1"]
[WhiteElo "2221"]
[BlackElo "2447"]
[TimeControl "180+1"]
[EndTime "9:18:45 PDT"]
[Termination "louis198 won on time"]

1. e4 e6 2. d4 d5 3. Nc3 dxe4 4. Nxe4 Bd7 5. Nf3 Bc6 6. Bd3 Nd7 7. Bg5 Be7 8. Bxe7 Qxe7 9. Qe2 Ngf6 10. O-O-O O-O-O 11. Kb1 Nxe4 12. Bxe4 Bxe4 13. Qxe4 Nf6 14. Qe2 Rd6 15. Ne5 Rhd8 16. c3 Nd7 17. Nxd7 Qxd7 18. Qe5 f6 19. Qe4 e5 20. Qxh7 exd4 21. cxd4 Rxd4 22. Rxd4 Qxd4 23. Qf5+ Kb8 24. Rc1 b6 25. g3 Rd5 26. Qf3 Rb5 27. Qc3 Qe4+ 28. Qc2 Qe5 29. h4 Rc5 30. Qd2 Qf5+ 31.
Rc2 Rd5 32. Qe2 Qd7 33. a3 Rd1+ 34. Rc1 Rd2 35. Qe3 Qf5+ 36. Ka2 Rxf2 37. Qe8+ Qc8 38. Qf7 f5 39. Qxg7 Qe6+ 40. Ka1 Qd6 41. Qg8+ Kb7 42. h5 Qd2 43. Rb1 Rh2 0-1

[Event "*** SCC Grand Prix: Titled Tuesday Blitz"]
[Site "Chess.com"]
[Date "2020.06.09"]
[Round "2"]
[White "FairChess_on_YouTube"]
[Black "GoltsevDmitry2000"]
[Result "1-0"]
[WhiteElo "3030"]
[BlackElo "2620"]
[TimeControl "180+1"]
[EndTime "9:18:46 PDT"]
[Termination "FairChess_on_YouTube won on time"]

1. d4 Nf6 2. c4 e6 3. Nf3 Bb4+ 4.
Nbd2 Qe7 5. g3 b6 6. Bg2 Bb7 7. O-O O-O 8. Nb1 a5 9. a3 Bd6 10. d5 exd5 11. Nh4 Re8 12. Nc3 Be5 13. cxd5 Bxc3 14.
d6 Qxd6 15. Qxd6 cxd6 16. Bxb7 Ra7 17. Bg2 Bd4 18. e3 Bc5 19. b3 Nc6 20. Bb2 Ne5 21.
Rad1 b5 22. Nf5 Ra6 23. Rd2 a4 24. b4 Nc4 25. Rc2 Nxb2 26. Rxb2 Ba7 27. Rd1 Bb8 28.
Rbd2 Kf8 29. Bf1 Ne4 30. Rc2 Rb6 31. Nd4 Re5 32. f4 Re8 33. Bxb5 Rb7 34. Ba6 Ra7 35.
Bf1 Rc7 36. Kg2 Rxc2+ 37. Nxc2 Nc3 38. Rd3 Ne4 39. Rd5 Ba7 40. Ra5 Bb6 41. Ra6 Rb8 42. Rxa4 Rc8 43. Bd3 Nc3 44. Ra6 Bc7 45. Nd4 g6 46.
Kf3 Bb8 47. Ra8 d5 48. b5 Ke7 49. b6 Kd8 50. Ba6 1-0

[Event "*** SCC Grand Prix: Titled Tuesday Blitz"]
[Site "Chess.com"]
[Date "2020.06.09"]
[Round "2"]
[White "dretch"]
[Black "Berardino"]
[Result "1-0"]
[WhiteElo "2776"]
[BlackElo "2523"]
[TimeControl "180+1"]
[EndTime "9:18:46 PDT"]
[Termination "dretch won on time"]

1. d4 Nf6 2. c4 g6 3. Nc3 Bg7 4. e4 O-O 5. Nf3 d6 6. h3 c5 7. d5 e6 8. Bd3 a6 9. Bg5 exd5 10. Nxd5 Be6 11. O-O Bxd5 12. cxd5 Nbd7 13. a4 Re8 14. Re1 Rb8 15. a5 Qc7 16. Nd2 Ne5 17. Bf1 b5 18. axb6 Rxb6 19. b3 h6 20. Bf4 Nfd7 21. Bxa6 Ra8 22. Qe2 g5 23. Bxe5 Bxe5 24. Ra4 Bc3 25. Bb5 Rxa4 26. bxa4 Ne5 27. Rc1 Bd4 28. Nb3 Qa7 29.
Qd2 Rb8 30. Rd1 Rc8 31. Nxd4 cxd4 32. Qxd4 Qa5 33. Kh1 Rc3 34. Rf1 Ra3 35. Qd1 Qc3 36. Qe1 Qc2 37. Qc1 Qa2 38. Qb1 Qd2 39. Kg1 Kg7 40.
Qc1 Qb4 41. Qc8 Ra2 42. Qf5 Qd4 43. h4 g4 44. Qf4 h5 45. Qg5+ 1-0

[Event "*** SCC Grand Prix: Titled Tuesday Blitz"]
[Site "Chess.com"]
[Date "2020.06.09"]
[Round "2"]
[White "ENEASZ"]
[Black "kushagramohan"]
[Result "0-1"]
[WhiteElo "2477"]
[BlackElo "2726"]
[TimeControl "180+1"]
[EndTime "9:18:47 PDT"]
[Termination "kushagramohan won by resignation"]

1. e4 e5 2. Nf3 Nc6 3. Bc4 Bc5 4. O-O Nf6 5. d3 O-O 6. Nbd2 d6 7. c3 a6 8. Bb3 h6 9. h3 Ba7 10. Re1 Re8 11. Nf1 Be6 12. Ng3 d5 13. exd5 Bxd5 14. Bc2 Qd7 15. Nh4 Rad8 16. Nhf5 Ne7 17. Rxe5 Nxf5 18.
Rxf5 Qc6 19. d4 Bxg2 20. Rxf6 Qxf6 21. Kxg2 c5 22. d5 c4 23. Qf3 Qxf3+ 24. Kxf3 Rxd5 25.
Be3 Bxe3 26. fxe3 Rd2 27. Be4 Rxb2 28. Nf5 g6 29. Nd6 Re7 30. Nxc4 Rh2 31. Nd6 Rxh3+ 32.
Kf4 Rh4+ 33. Kf3 b5 34. Rd1 Rh2 35. Kg3 Rxa2 36. Nxf7 Rxf7 37. Bd5 Rf2 38. Ra1 Rf6 39. e4 Kg7 40. e5 Rb6 41. Bxf7 Kxf7 42. Kf4 Re6 43. Ke4 g5 44. Kd5 g4 45. Rb1 h5 46.
c4 bxc4 47. Rb7+ Re7 48. Rb6 g3 49. Rf6+ Kg7 50. Rxa6 h4 51. e6 g2 52. Kd6 Rxe6+ 53. Kxe6 0-1

[Event "*** SCC Grand Prix: Titled Tuesday Blitz"]
[Site "Chess.com"]
[Date "2020.06.09"]
[Round "2"]
[White "MarceloPlaya"]
[Black "Shuvalov"]
[Result "0-1"]
[WhiteElo "2233"]
[BlackElo "2452"]
[TimeControl "180+1"]
[EndTime "9:18:47 PDT"]
[Termination "Shuvalov won on time"]

1. e4 e6 2. d4 d5 3. Nc3 Bb4 4. e5 c5 5. a3 Bxc3+ 6. bxc3 Ne7 7. Qg4 cxd4 8. Bd3 Qa5 9. Ne2 Nd7 10. Bf4 Ng6 11.
O-O dxc3 12. Bg3 O-O 13. h4 f5 14. exf6 Nxf6 15. Qg5 Nh8 16. h5 Nf7 17. Qh4 e5 18.
f3 e4 19. fxe4 dxe4 20. Bxe4 Nxe4 21. Qxe4 Qxh5 22. Nf4 Qg4 23. Rf3 Bd7 24. Qxb7 Rac8 25. Qxa7 Bc6 26. Rd3 Ng5 27. Rf1 Ne4 28. Bh2 Bb5 29.
Rdf3 Bxf1 30. Rxf1 Rcd8 31. Qe3 Ng5 32. Qxc3 Rde8 33. Qc4+ Nf7 34. a4 g5 35. a5 gxf4 36.
Rxf4 Qd1+ 37. Rf1 Qh5 38. Qb3 Re4 39. Qg3+ Rg4 40. Qf3 Qg6 0-1

[Event "*** SCC Grand Prix: Titled Tuesday Blitz"]
[Site "Chess.com"]
[Date "2020.06.09"]
[Round "2"]
[White "Anaj14"]
[Black "stolencandy13"]
[Result "0-1"]
[WhiteElo "2273"]
[BlackElo "2472"]
[TimeControl "180+1"]
[EndTime "9:18:48 PDT"]
[Termination "stolencandy13 won on time"]

1. Nf3 f5 2. g3 Nf6 3. Bg2 e6 4. O-O Be7 5. d3 O-O 6. c3 d6 7. Nbd2 Nc6 8. e4 f4 9. d4 e5 10. Nb3 fxg3 11. fxg3 a5 12. Qd3 a4 13. Nbd2 exd4 14.
cxd4 d5 15. Ne5 dxe4 16. Nxc6 exd3 17. Nxd8 Rxd8 18. Nf3 Bg4 19. Be3 Nd5 20. Bf2 Bf6 21.
h3 Bxf3 22. Bxf3 c6 23. Rad1 Nb4 24. a3 Nc2 25. Rxd3 Nxd4 26. Bxd4 Bxd4+ 27. Kg2 Bxb2 28. Rfd1 Rxd3 29. Rxd3 Rc8 30. Bd1 b5 31. Kf3 Kf7 32. Rd7+ Ke6 33. Rb7 Bxa3 34. Ke4 Bb2 35. Bg4+ Kd6 36.
Bxc8 Kc5 37. Kd3 Be5 38. g4 a3 39. Be6 Kd6 40. Bg8 c5 41. Bxh7 c4+ 42. Ke4 a2 43. Rb6+ Kc5 44. Ra6 a1=Q 45. Rxa1 Bxa1 46. Bg8 Bf6 47.
h4 Bxh4 48. Be6 Bf6 49. Kf5 b4 50. g5 Bd4 0-1

[Event "*** SCC Grand Prix: Titled Tuesday Blitz"]
[Site "Chess.com"]
[Date "2020.06.09"]
[Round "2"]
[White "PauloFanha"]
[Black "eightbyeightchess"]
[Result "1/2-1/2"]
[WhiteElo "2004"]
[BlackElo "2387"]
[TimeControl "180+1"]
[EndTime "9:18:48 PDT"]
[Termination "Game drawn by agreement"]

1. e4 e6 2. d4 d5 3. Nd2 Nf6 4.
e5 Nfd7 5. Ngf3 c5 6. c3 Nc6 7. Bd3 cxd4 8. cxd4 f6 9. exf6 Nxf6 10. O-O Bd6 11.
Qe2 O-O 12. Nb3 Bd7 13. Bg5 h6 14. Bh4 Qe7 15. Bg3 Bxg3 16. fxg3 Rac8 17. Ne5 Nxe5 18.
dxe5 Nh7 19. Bxh7+ Kxh7 20. Nd4 Qc5 21. Qd3+ Kh8 22.
h3 Bb5 23. Qxb5 Qxd4+ 24. Kh2 Qxe5 25. Qxb7 d4 26. Qxa7 Rxf1 27. Rxf1 d3 28. Qd7 Rb8 29. Qxd3 Qxb2 30. Re1 Qxa2 31. Qd6 Rb2 32. Qd8+ Kh7 33.
Qd3+ Kg8 34. Qe4 e5 35. Rd1 Rb8 36. Qxe5 Rf8 37. Qd5+ Qxd5 38. Rxd5 Rf7 39. Rd8+ Kh7 40. Rd6 g6 41. g4 Kg7 42. Kg3 Ra7 43. h4 Ra3+ 44. Kh2 Ra7 45. Kh3 Ra3+ 46. g3 Ra7 47. h5 gxh5 48. gxh5 Ra5 49. g4 Ra3+ 50. Kh4 Ra7 51.
Rg6+ Kh7 52. Rb6 Kg7 53. Rg6+ Kh7 54. Rb6 1/2-1/2

[Event "*** SCC Grand Prix: Titled Tuesday Blitz"]
[Site "Chess.com"]
[Date "2020.06.09"]
[Round "2"]
[White "MichailovM"]
[Black "anon569"]
[Result "0-1"]
[WhiteElo "2461"]
[BlackElo "2300"]
[TimeControl "180+1"]
[EndTime "9:18:49 PDT"]
[Termination "anon569 won by resignation"]

1. e4 c5 2. Nf3 d6 3. d4 cxd4 4. Nxd4 Nf6 5. Nc3 a6 6. Bg5 Nbd7 7. f4 Qc7 8. Qf3 b5 9. O-O-O Bb7 10. a3 g6 11. Bd3 Bg7 12. Nb3 Rc8 13. Rhe1 O-O 14. Kb1 Nb6 15. Qh3 Nc4 16. Bxc4 bxc4 17. Nd4 Rb8 18.
Bh6 Bxe4 19. Bxg7 Qb7 20. Na4 Kxg7 21. f5 Rfc8 22. g4 c3 23. b3 Rc4 24. g5 Rxd4 25. gxf6+ exf6 26. Qxc3 Rxa4 27. Ka2 Bd5 28. fxg6 hxg6 29.
Rf1 Be6 30. Rxf6 Kg8 31. Rg1 Qe7 32. Rxe6 Qxe6 33. Rg3 Re4 34. Rd3 d5 35. Kb2 Rc8 36. Qd2 Qe5+ 37. c3 Re2 38. Kc2 Rxd2+ 39. Rxd2 Rxc3+ 0-1

[Event "*** SCC Grand Prix: Titled Tuesday Blitz"]
[Site "Chess.com"]
[Date "2020.06.09"]
[Round "2"]
[White "Love_craft"]
[Black "Morshynska"]
[Result "1-0"]
[WhiteElo "2446"]
[BlackElo "2213"]
[TimeControl "180+1"]
[EndTime "9:18:49 PDT"]
[Termination "Love_craft won by checkmate"]

1. Nf3 d5 2. g3 c6 3. Bg2 Bf5 4. O-O Nd7 5. d3 e5 6. Nbd2 Ngf6 7. h3 h6 8. e4 dxe4 9. Nh4 Be6 10. dxe4 Qb6 11.
Qe2 a5 12. a4 Qa6 13. Qf3 g6 14. b3 Be7 15. Re1 O-O-O 16. Bf1 Qb6 17. Nc4 Qc7 18. Be3 Ne8 19. Ng2 Nd6 20. Nxd6+ Bxd6 21. Kh2 f5 22. Bd2 Rdf8 23. Qe2 fxe4 24. Ne3 Bc5 25. Bg2 Nf6 26. c3 Nd5 27. b4 Bb6 28. Nc4 Bxf2 29. Rf1 Ba7 30.
bxa5 e3 31. Nxe3 Bxe3 32. Bxe3 Nxc3 33. Qb2 Nd5 34. Bb6 Nxb6 35. axb6 Qe7 36. Qxe5 Rhg8 37. Rxf8+ Rxf8 38. Re1 Re8 39. h4 Qd7 40. a5 Bf7 41.
Qa1 Rxe1 42. Qxe1 Be6 43. Qe5 Qe8 44. Qc7# 1-0

[Event "*** SCC Grand Prix: Titled Tuesday Blitz"]
[Site "Chess.com"]
[Date "2020.06.09"]
[Round "2"]
[White "pfalcon1949"]
[Black "bazar-wokzal"]
[Result "1-0"]
[WhiteElo "1929"]
[BlackElo "2369"]
[TimeControl "180+1"]
[EndTime "9:18:50 PDT"]
[Termination "pfalcon1949 won on time"]

1. d4 Nf6 2. c4 Nc6 3. Nf3 e6 4. a3 d5 5. cxd5 exd5 6. Nc3 g6 7.
Bf4 a6 8. e3 Bg7 9. Qc2 O-O 10.
Bd3 Ne7 11. Be5 Bf5 12. O-O Rc8 13. Nh4 Bxd3 14. Qxd3 c6 15. f4 Nd7 16. Bxg7 Kxg7 17.
f5 Ng8 18. g3 Qe7 19. Rae1 Rce8 20. Nd1 Ndf6 21. Nf2 Ne4 22. Nxe4 Qxe4 23. Qb3 Re7 24. Rf4 Qxf4 25. gxf4 Rfe8 26. Qd3 Nf6 27. fxg6 hxg6 28. Nf3 Ne4 29. Re2 f6 30. Nd2 Nd6 31.
b4 Kf7 32. Kf2 Rh8 33. Kg2 Ree8 34. e4 dxe4 35. Nxe4 Nf5 36. Ng3 Nd6 37. Rxe8 Rxe8 38.
h4 Re1 39. h5 f5 40. hxg6+ Kxg6 41. d5 Ne4 42. dxc6 bxc6 43. Nxe4 Rxe4 44. Qd6+ Kh5 45. Kf3 Rc4 46. Qf8 Rc3+ 47. Kf2 Kg4 48. Qd6 Rc2+ 49.
Ke3 Rc3+ 50. Kd2 Rxa3 51. Kc2 Rf3 52. Qxc6 Rxf4 53. Qg2+ Kh4 54. Qh2+ Kg4 55. Qd2 Rf3 56. Qd4+ f4 57. Qb6 1-0